 Dungeon Crawl Stone Soup version 0.29-a0-824-gd827844252 (webtiles) character file.

Game seed: 14274054222711525115

2 SPECTATEmePLS the Vexing (level 1, 0/7 HPs)
             Began as a Felid Enchanter on July 10, 2022.
             Slain by a giant cockroach (1 damage)
             ... on level 1 of the Dungeon.
             The game lasted 00:00:36 (116 turns).

SPECTATEmePLS the Vexing (Felid Enchanter)           Turns: 116, Time: 00:00:37

Health: 0/7        AC:  1    Str:  1    XL:     1   Next: 33%
Magic:  4/4        EV: 18    Int: 15    God:
Gold:   12         SH:  0    Dex: 20    Spells: 4/4 levels left
                                        Lives:  0   Deaths: 0

rFire   . . .      SeeInvis +     - Unarmed
rCold   . . .      Faith    .   (shield unavailable)
rNeg    . . .      Spirit   .   (body armour unavailable)
rPois   .          Reflect  .   (helmet unavailable)
rElec   .          Harm     .   (cloak unavailable)
rCorr   .          Rampage  .   (gloves unavailable)
Will    .....                   (boots unavailable)
Stlth   +++.......              (no amulet)
HPRegen 0.02/turn               (no ring)
MPRegen 0.09/turn               (no ring)

@: invisible, quick
A: very small, claws 1, fangs 3, see invisible, speed 1, shaggy fur 1, stealthy
paws, no weapons or thrown items, no armour, multi-lived, agile 1, sense
surroundings 1, weak 1
a: no special abilities


You were on level 1 of the Dungeon.
You visited 1 branch of the dungeon, and saw 1 of its levels.

You collected 12 gold pieces.

Inventory:

Potions
 a - a potion of invisibility


   Skills:
 + Level 2.8 Dodging
 + Level 4.1 Stealth
 + Level 1.1 Unarmed Combat
 - Level 2.0 Spellcasting
 - Level 4.4 Hexes


You had 4 spell levels left.
You didn't know any spells.
Your spell library contained the following spells:

 Spells                   Type           Power      Damage    Failure   Level
 Confusing Touch          Hex            14%        N/A       11%         3
 Tukima's Dance           Hex            14%        N/A       11%         3
 Ensorcelled Hibernation  Hex/Ice        16%        N/A       14%         2
 Dazzling Flash           Conj/Hex       16%        N/A       26%         3


Dungeon Overview and Level Annotations

Branches:
Dungeon (1/15)

Altars:


Innate Abilities, Weirdness & Mutations

You have sharp claws.
You have razor-sharp teeth.
You have supernaturally acute eyesight. (SInv)
You cover ground quickly. (Speed+)
You are covered in fur. (AC +1)
Your paws help you pounce on unaware monsters.
You are incapable of wielding weapons or throwing items.
You cannot wear armour.
You gain extra lives every three experience levels.
You are agile. (Dex +4, Str/Int -1)
You passively map a small area around you.
You are weak. (Str -2)


Message History

The bat barely misses you. The bat attacks as you move away!
The bat barely misses you. x2
The bat attacks as you move away! The bat hits you.
* * * LOW HITPOINT WARNING * * *
The bat misses you.
You completely miss the bat. The bat completely misses you.
The giant cockroach waves its antennae.
The giant cockroach waves its antennae.
The giant cockroach misses you.
You closely miss the giant cockroach. Your bite misses the giant cockroach.
The giant cockroach bites you but does no damage.
You completely miss the giant cockroach.
The giant cockroach barely misses you.
You scratch the giant cockroach but do no damage.
The giant cockroach bites you.
* * * LOW HITPOINT WARNING * * *
You scratch the giant cockroach but do no damage.
The giant cockroach bites you.
* * * LOW HITPOINT WARNING * * *
The giant cockroach barely misses you. The giant cockroach misses you.
The giant cockroach barely misses you.
A bat and a quokka come into view.
The helpless quokka fails to defend itself.
You claw the quokka!
You kill the quokka!
The giant cockroach closely misses you.
You don't know any spells.
Unknown command.
Unknown command.
You fade into invisibility!
The giant cockroach misses you.
It was a potion of mutation.
You feel extremely strange.
You feel a strange attunement to the structure of the dungeons.
You feel weaker.
You feel agile. The giant cockroach misses you.
You pounce on the unaware helpless bat!
You claw the bat!
You kill the bat!
The giant cockroach bites you.
You die...

.....# .##### *
...g.###...... ,
..##....# * * * ** ,
#.#####.# ,, ,
#...###.#### .
###g.##....## #####..
##.#####..#####....... ,
#.### ##..g.†#....... *
####...########B@†......
* ....##....# ###.......
, ###...###.# .......
###.....# .......
####### ....... #######


You could see a giant cockroach (unable to see you) and a hobgoblin (unable to
see you).

Vanquished Creatures
  A quokka (D:1)
  A bat (D:1)
  A kobold (D:1)
  A rat (D:1)
4 creatures vanquished.

Notes
Turn   | Place    | Note
-------+----------+-------------------------------------------
     0 | D:1      | SPECTATEmePLS the Felid Enchanter began the quest for the
                  | Orb.
     0 | D:1      | Reached XP level 1. HP: 7/7 MP: 4/4
    41 | D:1      | Found a faded altar of an unknown god.
   113 | D:1      | Gained mutation: You passively map a small area around you.
                  | [potion of mutation]
   113 | D:1      | Gained mutation: You are weak. (Str -2) [potion of
                  | mutation]
   113 | D:1      | Gained mutation: You are agile. (Dex +4, Str/Int -1)
                  | [potion of mutation]
   116 | D:1      | Slain by a giant cockroach

Illustrated notes

Levels and vault maps discovered:
D:1:      tarquinn_simple_flora_water_f, layout_rooms,
          ebering_ecumenical_altar_sacrificial, fountainhead,
          hangedman_decor_peaks_small

Action                   || total
-------------------------++-------
Melee: Unarmed           ||    10
  Use: Potion            ||     2
 Stab: Sleeping          ||     2
Armor: Skin              ||     2
Dodge: Dodged            ||    16

Table legend: (Time is in decaauts)
 A = Elapsed time spent in this place.
 B = Non-inter-level travel time spent in this place.
 C = Inter-level travel time spent in this place.
 D = Time resting spent in this place.
 E = Time spent auto-exploring this place.
 F = Levels seen in this place.
 G = Mean time per level.
                   A        B        C        D        E       F      G
               +--------+--------+--------+--------+--------+-----+--------+
         Total |     95 |     95 |      0 |      0 |     27 |   1 |   95.0 |
       Dungeon |     95 |     95 |      0 |      0 |     27 |   1 |   95.0 |
               +--------+--------+--------+--------+--------+-----+--------+

Top non-repeatable levels by time:
     D:1: 95 daAuts
